AoeStats
← DK_Odysseo

Arabia

508609221Analyzed
1v1 RM · 9d ago on Sep 23, 2026· 42m 38s· 2 players
Game mode
Random Map
Map size
Tiny (2 player)
Population
200
Speed
Normal
Resources
Standard
Victory
Conquest
Starting age
Dark Age
Ending age
Imperial Age
RankedLock teamsTeams togetherTeam positionsShared explorationLock speedFull tech treeHidden civsTurbo modeCheats
Victory
Defeat
🇪🇸 Japanese · Spain
1891
+8
🇩🇪 Danes · Germany
1691
-8
Chili
6:45 Loom
9:11 Feudal Age
9:26 Man-at-Arms
11:13 Double-Bit Axe
16:56 Fletching
18:29 Scale Mail Armor
18:45 Forging
20:41 Scale Mail Armor
25:40 Castle Age
25:11 Padded Archer Armor
25:46 Crossbowman
26:23 Bodkin Arrow
27:23 Leather Archer Armor
31:56 Ballistics
32:53 Chain Mail Armor
39:21 Bow Saw
39:36 Stone Mining
39:36 Gold Mining
DK_Odysseo
6:42 Loom
9:10 Feudal Age
10:06 Double-Bit Axe
9:59 Man-at-Arms
15:42 Fletching
17:37 Scale Mail Armor
23:17 Castle Age
22:10 Padded Archer Armor
22:16 Horse Collar
22:37 Gold Mining
24:04 Bloodlines
23:55 Bodkin Arrow
23:23 Crossbowman
27:49 Leather Archer Armor
28:56 Ballistics
29:04 Bow Saw
32:55 Thumb Ring
40:44 Town Watch
41:36 Wheelbarrow
Connection lost

Rejoining the realm…

Still unreachable

The connection could not be restored.

Session expired

The server has moved on; the page needs a fresh start.